 Dungeon Crawl Stone Soup version 0.27-a0-404-g4390dbc5be (webtiles) character file.

Game seed: 16836770650839595639

4 CurlyBrace the Caller (level 1, -1/8 HPs)
             Began as a Felid Summoner on Feb 22, 2021.
             Slain by a hobgoblin
             ... wielding a +0 club
              (4 damage)
             ... on level 1 of the Dungeon.
             The game lasted 00:01:38 (117 turns).

CurlyBrace the Caller (Felid Summoner)               Turns: 117, Time: 00:01:39

Health: -1/8       AC:  1    Str:  4    XL:     1   Next: 50%
Magic:  3/4        EV: 18    Int: 16    God:
Gold:   8          SH:  0    Dex: 16    Spells: 3/4 levels left
                                        Lives:  0   Deaths: 0

rFire    . . .     SeeInvis +   (weapon unavailable)
rCold    . . .     Faith    .   (shield unavailable)
rNeg     . . .     Spirit   .   (armour unavailable)
rPois    .         Reflect  .   (helmet unavailable)
rElec    .         Harm     .   (cloak unavailable)
rCorr    .         Rampage  .   (gloves unavailable)
Will     .....                  (boots unavailable)
Stlth    +++.......             (no amulet)
HPRegen  0.02/turn              (no ring)
MPRegen  0.09/turn              (no ring)

@: quick
A: very small, no armour, no weapons or thrown items, stealth, claws 1, fangs 3,
see invisible, speed 1, shaggy fur 1, sharp paws
a: no special abilities


You were on level 1 of the Dungeon.
You visited 1 branch of the dungeon, and saw 2 of its levels.

You collected 8 gold pieces.

Inventory:

Scrolls
 a - a scroll of enchant armour {unknown}


   Skills:
 * Level 0.4 Fighting
 + Level 2.8 Dodging
 + Level 2.8 Stealth
 * Level 0.3 Unarmed Combat
 - Level 2.0 Spellcasting
 - Level 4.0 Summonings


You had 3 spell levels left.
You knew the following spells:

 Your Spells              Type           Power        Failure   Level
a - Summon Small Mammal   Summ           56%          4%          1

Your spell library contained the following spells:

 Spells                   Type           Power        Failure   Level
 Call Imp                 Summ           14%          6%          2
 Call Canine Familiar     Summ           14%          12%         3
 Summon Guardian Golem    Hex/Summ       8%           26%         3
 Summon Ice Beast         Ice/Summ       8%           65%         4
 Summon Lightning Spire   Summ/Air       8%           65%         4


Dungeon Overview and Level Annotations

Branches:
Dungeon (2/15)

Altars:


Innate Abilities, Weirdness & Mutations

You cannot wear armour.
You are incapable of wielding weapons or throwing items.
Your paws allow you to move quietly. (Stealth)
You have sharp claws.
You have razor-sharp teeth.
You have supernaturally acute eyesight. (SInv)
You cover ground quickly.
You are covered in fur. (AC +1)
Your sharp claws are effective at attacking unaware monsters.


Message History

You climb downwards.
A kobold comes into view.
The kobold shouts!
There is a stone staircase leading up here.
Unknown command.
Unknown command.
You climb upwards.
The bat closely misses you. The bat hits you but does no damage.
There is a stone staircase leading down here.
Unknown command.
Unknown command.
You barely miss the bat. The bat misses you.
Unknown command.
Unknown command.
The bat misses you.
You see here a scroll labelled LOSUMYM OCUFF.
Casting: Summon Small Mammal (safe; 4% risk of failure)
Confirm with . or Enter, or press ? or * to list all spells.
You miscast Summon Small Mammal.
You are very lightly contaminated with residual magic.
Nothing appears to happen.
Unknown command.
Unknown command.
You scratch the hobgoblin.
The hobgoblin is lightly wounded.
The hobgoblin closely misses you.
Unknown command.
You barely miss the hobgoblin. The hobgoblin hits you with a +0 club.
Unknown command.
Unknown command.
a - a scroll labelled LOSUMYM OCUFF You see here 7 gold pieces.
You miss the bat.
The bat misses you. x2; The hobgoblin barely misses you.
The bat completely misses you.
Your magical contamination has completely faded away.
You scratch the bat. Your bite misses the bat.
The bat is moderately wounded.
The bat barely misses you. The hobgoblin hits you with a +0 club.
Ouch! That really hurt!
You die...

#.# ...... ....
#..###..... #..
###....$.##.# #.###
#........##.# # #....
#........##.# .# ####
#..........># #.#
#......$##..# #..# ##
.......g##..##..# #.
#......@.......# #.
#.#..........### ##. #
####.b#.#....#######..
..............#....#
.....[.............#
.....................
...............g......
......................#
...................


You could see a hobgoblin and a bat.

Vanquished Creatures
  A giant cockroach (D:1)
  A goblin (D:1)
  A ball python (D:1)
3 creatures vanquished.

Vanquished Creatures (collateral kills)
  A frilled lizard (D:1)
1 creature vanquished.

Vanquished Creatures (others)
  A plant (D:1)
1 creature vanquished.

Grand Total: 5 creatures vanquished

Notes
Turn   | Place    | Note
-------+----------+-------------------------------------------
     0 | D:1      | CurlyBrace the Felid Summoner began the quest for the Orb.
     0 | D:1      | Reached XP level 1. HP: 7/7 MP: 4/4
   117 | D:1      | Slain by a hobgoblin

Illustrated notes

Levels and vault maps discovered:
D:1:      roderic_crop_circles_arrival_small, layout_rooms, minmay_pentomino_q2
D:2:      layout_loops_ring, marbit_many_paths

Action                   || total
-------------------------++-------
Melee: Unarmed           ||    14
       Bite              ||     1
 Cast: Summon Small Mamm ||     2
  Use: Potion            ||     2
       Scroll            ||     1
Armor: Skin              ||     4
Dodge: Dodged            ||    15

Table legend: (Time is in decaauts)
 A = Elapsed time spent in this place.
 B = Non-inter-level travel time spent in this place.
 C = Inter-level travel time spent in this place.
 D = Time resting spent in this place.
 E = Time spent auto-exploring this place.
 F = Levels seen in this place.
 G = Mean time per level.
                   A        B        C        D        E       F      G
               +--------+--------+--------+--------+--------+-----+--------+
         Total |    100 |    100 |      0 |      0 |      0 |   2 |   50.0 |
       Dungeon |    100 |    100 |      0 |      0 |      0 |   2 |   50.0 |
               +--------+--------+--------+--------+--------+-----+--------+

Top non-repeatable levels by time:
     D:1: 98 daAuts
     D:2: 1 daAuts
